 Dungeon Crawl Stone Soup version 0.29-a0-520-gc852659d43 (webtiles) character file.

Game seed: 13706099638706769175

221 NateTC the Caller (level 5, 0/28 HPs)
             Began as a Deep Elf Summoner on June 1, 2022.
             Shot with an arrow by a centaur (7 damage)
             ... on level 4 of the Dungeon.
             The game lasted 00:19:37 (4564 turns).

NateTC the Caller (Deep Elf Summoner)               Turns: 4564, Time: 00:19:38

Health: 0/28       AC:  3    Str:  7    XL:     5   Next: 65%
Magic:  9/15       EV: 13    Int: 22    God:
Gold:   203        SH:  0    Dex: 15    Spells: 6/15 levels left

rFire   . . .      SeeInvis .   h - +4 hunting sling "Killer Bee's Peril" {freeze, Str+2}
rCold   . . .      Faith    .   (no shield)
rNeg    . . .      Spirit   .   a - +0 robe
rPois   .          Reflect  .   (no helmet)
rElec   .          Harm     .   c - +0 cloak
rCorr   .          Rampage  .   (no gloves)
Will    .....                   (no boots)
Stlth   ++........              (no amulet)
HPRegen 0.09/turn               (no ring)
MPRegen 0.14/turn               (no ring)

@: no status effects
A: no striking features
a: no special abilities


You were on level 4 of the Dungeon.
You visited 1 branch of the dungeon, and saw 4 of its levels.

You collected 203 gold pieces.

Inventory:

Hand Weapons
 h - the +4 hunting sling "Killer Bee's Peril" (weapon) {freeze, Str+2}
   (You found it on level 2 of the Dungeon)

   Any ammunition fired from it freezes those it strikes, dealing additional
   cold damage.
   It can also slow down cold-blooded creatures.
   Str:       It affects your strength (+2).
Missiles
 l - a throwing net
Armour
 a - a +0 robe (worn)
 c - a +0 cloak (worn)
Scrolls
 f - 2 scrolls of noise {unknown}
 j - 2 scrolls of poison {unknown}
 m - a scroll of brand weapon
Potions
 b - a potion of magic
 d - 2 potions of heal wounds
 e - 2 potions of brilliance
 g - 2 potions of degeneration {unknown}
 i - 2 potions of attraction {unknown}
 k - a potion of cancellation {unknown}
 n - a potion of resistance {unknown}
 o - a potion of flight {unknown}


   Skills:
 - Level 0.1 Slings
 - Level 3.7 Dodging
 - Level 2.4 Stealth
 - Level 5.5 Spellcasting
 * Level 0.3 Hexes
 + Level 5.9 Summonings


You had 6 spell levels left.
You knew the following spells:

 Your Spells              Type           Power      Damage    Failure   Level
a - Summon Small Mammal   Summ           100%       N/A       1%          1
b - Call Imp              Summ           32%        N/A       1%          2
c - Call Canine Familiar  Summ           32%        N/A       2%          3
d - Summon Guardian Gole  Hex/Summ       19%        N/A       8%          3

Your spell library contained the following spells:

 Spells                   Type           Power      Damage    Failure   Level
 Sting                    Tmut/Pois      24%        1d4       10%         1
 Summon Lightning Spire   Summ/Air       19%        N/A       28%         4


Dungeon Overview and Level Annotations

Branches:
Dungeon (4/15)
 Temple: D:4-7

Altars:
Cheibriados
Yredelemnul

Annotations:
D:1 1 runed translucent door
D:4 3 runed translucent doors, Foxy's ghost, amateur TrFi; Selrock's ghost, weakling GrFi


Message History

The sling bullet barely misses the kobold.
You shoot a sling bullet. The sling bullet hits the kobold!
The sling bullet freezes the kobold.
You kill the kobold!
No target in view!
No target in view!
Found a hunting sling.
Found a stone staircase leading up.
Found a stone staircase leading down.
There is an open door here.
Found an escape hatch in the floor.
A centaur comes into view.
The centaur shouts!
The centaur wields a +0 shortbow.
The centaur shoots an arrow.
The arrow misses you.
You hear an angry hiss.
There is an open door here.
An iguana comes into view.
Found 6 gold pieces.
The iguana hisses angrily.
The centaur shoots an arrow.
The arrow hits you!
The centaur shoots an arrow.
The arrow hits you!
* * * LOW HITPOINT WARNING * * *
There is an open door here.
You close the door.
You start resting.
A centaur opens the door.
It is wielding a +0 shortbow.
Casting: Summon Guardian Golem (quite dangerous; 8% risk of failure)
Confirm with . or Enter, or press ? or * to list all spells.
The centaur shoots an arrow.
The arrow barely misses your hound. The arrow hits you.
* * * LOW HITPOINT WARNING * * *
The centaur shoots an arrow.
The arrow hits your hound!
Casting: Call Canine Familiar (dangerous; 2% risk of failure)
Confirm with . or Enter, or press ? or * to list all spells.
The spell is quite dangerous to miscast (8% risk of failure)!
Continue anyway?
A guardian golem appears, shielding your allies.
Your hound barely misses the centaur.
The centaur shoots an arrow.
The arrow misses your hound. The arrow hits you!
You die...

........... #....c....##
...........#
...........#
...........#
.......>...#
.......c...#
########h#### #####
.......@...#########....
...........'............
.........9.###..........
...........# #.........#
...........# +.........#
...........# #.........#
...........#..<#'####.##
...........#...#.# #.##
.........#.....####...


You could see a centaur (ally target), a friendly guardian golem (summoned) and
a friendly hound (summoned, sheltered).

Vanquished Creatures
  A ball python (D:3)
  A giant cockroach (D:2)
  A goblin (D:4)
  A quokka (D:1)
  A bat (D:3)
  2 kobolds (D:4)
  3 rats
10 creatures vanquished.

Vanquished Creatures (collateral kills)
  A scorpion (D:4)
  A hound (D:3)
  5 adders
  4 worms
  4 dart slugs (D:3)
  6 orcs
  4 endoplasms
  2 giant cockroaches
  4 goblins
  4 hobgoblins
  A quokka (D:3)
  3 ball pythons (D:4)
  A bat (D:2)
  3 frilled lizards
  5 kobolds
  7 rats
55 creatures vanquished.

Grand Total: 65 creatures vanquished

Notes
Turn   | Place    | Note
-------+----------+-------------------------------------------
     0 | D:1      | NateTC the Deep Elf Summoner began the quest for the Orb.
     0 | D:1      | Reached XP level 1. HP: 10/10 MP: 6/6
     1 | D:1      | Found a runed translucent door.
   797 | D:1      | Reached XP level 2. HP: 15/15 MP: 5/8
   800 | D:1      | Learned a level 2 spell: Call Imp
  1187 | D:1      | Found a faded altar of an unknown god.
  1229 | D:1      | Got Plato's Incunabulum of Shifting Venom
  1766 | D:2      | Identified the +4 hunting sling "Killer Bee's Peril"
                  | {freeze, Str+2}
  2056 | D:2      | Reached skill level 5 in Summonings
  2325 | D:2      | Reached XP level 3. HP: 19/19 MP: 5/9
  2623 | D:3      | Learned a level 3 spell: Call Canine Familiar
  2740 | D:3      | Reached XP level 4. HP: 16/24 MP: 10/10
  2744 | D:3      | Learned a level 3 spell: Summon Guardian Golem
  3463 | D:3      | Reached XP level 5. HP: 25/28 MP: 7/13
  3509 | D:3      | Found a snail-covered altar of Cheibriados.
  3931 | D:4      | Found a runed translucent gate.
  3931 | D:4      | Found a runed translucent gate.
  3931 | D:4      | Found a runed translucent gate.
  4039 | D:4      | Noticed Selrock's ghost (weakling GrFi)
  4039 | D:4      | Noticed Foxy's ghost (amateur TrFi)
  4135 | D:4      | Found a basalt altar of Yredelemnul.
  4387 | D:4      | Reached skill level 5 in Spellcasting
  4556 | D:4      | Noticed a centaur
  4564 | D:4      | Shot with an arrow by a centaur

Illustrated notes

Levels and vault maps discovered:
D:1:      dpeg_arrival_caged_fury, layout_basic,
          shapermc_ecumenical_altar_rom_forum, minmay_misc_feat_cross
D:2:      layout_rooms
D:3:      layout_basic, kennysheep_slug_shrine, amethyst_killhole
D:4:      layout_basic, mainiacjoe_overflow_small_starburst,
          gammafunk_ghost_cemetery, wad_floor_pattern_2, patterned_corridor

Skill      XL: |  1  2  3  4  5 |
---------------+----------------+-----
Dodging        | 3 |  3.7
Summonings     | 5 |  5.9
Spellcasting   | 4 5 |  5.5
Slings         | |  0.1
Stealth        | |  2.4
Hexes          | |  0.3

Action                   |  1- 3 |  4- 6 || total
-------------------------+-------+-------++-------
Melee: Unarmed           |    24 |       ||    24
       Hunting sling     |     6 |     6 ||    12
 Fire: Hunting sling     |    10 |    17 ||    27
 Cast: Summon Small Mamm |    42 |       ||    42
       Call Imp          |    15 |     9 ||    24
       Call Canine Famil |     2 |    13 ||    15
       Summon Guardian G |       |    12 ||    12
  Use: Scroll            |     4 |     2 ||     6
Armor: Robe              |    12 |     8 ||    20
Dodge: Dodged            |    17 |    24 ||    41

Table legend: (Time is in decaauts)
 A = Elapsed time spent in this place.
 B = Non-inter-level travel time spent in this place.
 C = Inter-level travel time spent in this place.
 D = Time resting spent in this place.
 E = Time spent auto-exploring this place.
 F = Levels seen in this place.
 G = Mean time per level.
                   A        B        C        D        E       F      G
               +--------+--------+--------+--------+--------+-----+--------+
         Total |   4583 |   4545 |     38 |   2153 |    734 |   4 | 1145.8 |
       Dungeon |   4583 |   4545 |     38 |   2153 |    734 |   4 | 1145.8 |
               +--------+--------+--------+--------+--------+-----+--------+

Top non-repeatable levels by time:
     D:1: 1631 daAuts
     D:3: 1407 daAuts
     D:2: 992 daAuts
     D:4: 552 daAuts
